 Dungeon Crawl Stone Soup version 0.30.2 (webtiles) character file.

Game seed: 11139137583423593769

3158 porpoise the Covert (level 9, -3/75 HPs)
             Began as a Gnoll Delver on Apr 6, 2024.
             Was an Initiate of Ashenzari.
             Slain by a sixfirhy (9 damage)
             ... on level 1 of the Abyss.
             The game lasted 00:30:16 (9487 turns).

porpoise the Covert (Gnoll Delver)                  Turns: 9487, Time: 00:30:17

Health: -3/75      AC:  8    Str: 17    XL:     9   Next: 94%
Magic:  16/16      EV: 18    Int:  9    God:    Ashenzari [......]
Gold:   454        SH:  0    Dex: 13    Spells: 16/18 levels left

rFire   . . .        a - +2 short sword (drain)
rCold   . . .        (no shield)
rNeg    . . .        u - +1 ring mail of Ashenzari's Loss {Self, Alch} (curse)
rPois   .            f - +0 helmet
rElec   .            (no cloak)
rCorr   .            (no gloves)
SInv    +            (no boots)
Will    .....        (no amulet)
Stlth   ++++         n - ring of see invisible
HPRegen 0.32/turn    D - +5 ring of evasion
MPRegen 0.15/turn

%: no passive effects
@: no status effects
A: fangs 1, strong nose, distributed training
a: Renounce Religion, Shatter the Chains


You were on level 1 of the Abyss.
You worshipped Ashenzari.
Ashenzari was noncommittal.
You visited 1 branch of the dungeon, and saw 9 of its levels.
You visited the Abyss 1 time.

You collected 454 gold pieces.

Inventory:

Hand Weapons
 a - a +2 short sword of draining (weapon)
 b - a +0 sling
 p - a +1 antimagic shortbow
 F - a +1 broad axe
 H - the +4 dagger of the Wolf {chaos, Dex+2}
   (You found it on level 3 of the Dungeon)

   Dex:       It affects your dexterity (+2).
 Q - a +0 scimitar of flaming
Missiles
 i - 13 poisoned darts (quivered)
 k - 6 boomerangs
 l - 2 throwing nets
 K - 2 datura-tipped darts
Armour
 f - a +0 helmet (worn)
 m - an orb of mayhem
 u - the cursed +1 ring mail of Ashenzari's Loss (worn) {Self, Alch}
   (You found it on level 1 of the Dungeon)

   It has a curse which improves the following skills: Introspection: Fighting
   and Spellcasting.
   Alchemy:   Poison Magic and Transmutations.
Magical Staves
 q - a staff of cold
 B - a staff of conjuration
Jewellery
 h - a +6 ring of strength
 n - a ring of see invisible (left hand)
 t - a ring of flight
 v - an amulet of guardian spirit
 w - a ring of resist corrosion
 D - a +5 ring of evasion (right hand)
 E - a ring of fire
Wands
 g - a wand of digging (2)
 x - a wand of iceblast (4)
Scrolls
 c - 2 scrolls of fog
 d - 2 scrolls of magic mapping
 e - 3 scrolls of fear
 o - a scroll of amnesia
 s - 3 scrolls of teleportation
 y - 2 scrolls of enchant armour
 A - a scroll of noise
 I - a scroll of vulnerability
Potions
 j - 3 potions of curing
 r - 2 potions of magic
 z - a potion of mutation
 C - a potion of resistance
 J - 2 potions of lignification
 L - a potion of brilliance
 M - a potion of heal wounds
 N - a potion of attraction
 P - a potion of berserk rage {unknown}


   Skills:
 + Level 8.3(8.7) Fighting
 + Level 4.9 Short Blades
 + Level 4.9 Long Blades
 + Level 6.8 Axes
 + Level 4.9 Maces & Flails
 + Level 4.9 Polearms
 + Level 4.9 Staves
 + Level 4.9 Ranged Weapons
 + Level 4.9 Throwing
 + Level 4.9 Armour
 + Level 6.8 Dodging
 + Level 10.8 Stealth
 + Level 4.9 Shields
 + Level 4.9 Unarmed Combat
 + Level 4.9(5.3) Spellcasting
 + Level 4.0 Conjurations
 + Level 4.0 Hexes
 + Level 4.0 Summonings
 + Level 4.0 Necromancy
 + Level 4.0 Translocations
 + Level 4.0(4.4) Transmutations
 + Level 4.0 Fire Magic
 + Level 4.0 Ice Magic
 + Level 4.0 Air Magic
 + Level 4.0 Earth Magic
 + Level 4.0(4.4) Poison Magic
 + Level 5.4 Invocations
 + Level 4.9 Evocations


You had 16 spell levels left.
You knew the following spells:

 Your Spells              Type           Power      Damage    Failure   Level
w - Wereblood             Tmut           10%        N/A       10%         2

Your spell library contained the following spells:

 Spells                   Type           Power      Damage    Failure   Level
 Beastly Appendage        Tmut           20%        N/A       7%          1
 Spider Form              Tmut/Pois      10%        N/A       21%         3
 Call Canine Familiar     Summ           9%         N/A       24%         3
 Portal Projectile        Hex/Tloc       18%        N/A       24%         3
 Leda's Liquefaction      Hex/Erth       4%         N/A       61%         4


Dungeon Overview and Level Annotations

Branches:
Dungeon (9/15)             Temple (0/1) D:4
   Lair: D:8-11         Orc: D:9-12

Altars:
Ashenzari

Shops:
D:7 *

Annotations:
D:3 3 runed translucent doors, porpoise's ghost, amateur MiHu


Innate Abilities, Weirdness & Mutations

You have very sharp teeth.
Your uncanny sense of smell can sniff out nearby items.
Your experience applies equally to all skills.


Message History

The eye of devastation turns its gaze towards you.
You hit the sixfirhy.
The sixfirhy is lightly wounded.
You hit the sixfirhy.
You bite the sixfirhy, but do no damage.
The sixfirhy is lightly wounded.
You closely miss the sixfirhy.
The sixfirhy is lightly wounded.
The sixfirhy hits you. The sixfirhy shocks you!
The sixfirhy closely misses you.
You miss the sixfirhy. Your bite misses the sixfirhy.
The sixfirhy is lightly wounded.
The sixfirhy hits you. The sixfirhy shocks you! The sixfirhy misses you.
The sixfirhy completely misses you. The eye of devastation gazes at you.
The bolt of energy misses you. The sixfirhy closely misses you.
You are too injured to fight recklessly!
You are too injured to fight recklessly!
You are too injured to fight recklessly!
You are too injured to fight recklessly!
You hit the eye of devastation. You punch the eye of devastation.
The eye of devastation is lightly wounded.
The sixfirhy hits you! The sixfirhy shocks you!
* * * LOW HITPOINT WARNING * * *
The sixfirhy misses you.
You hit the eye of devastation but do no damage.
You drain the eye of devastation.
The eye of devastation is lightly wounded.
You hit the eye of devastation but do no damage.
You drain the eye of devastation.
The eye of devastation is lightly wounded.
You hit the eye of devastation but do no damage.
The eye of devastation is lightly wounded.
You hit the eye of devastation but do no damage.
You drain the eye of devastation.
The eye of devastation is lightly wounded.
The sixfirhy hits you!
* * * LOW HITPOINT WARNING * * *
The sixfirhy shocks you!
You die...

. ..... .
.##... .. ...#
. .....### .#
#....# . ..
#... # #..#.
##.## .##.
#.....#..##....
#...G@.......
#...#.3##......
#...#...#
......
.......#. .....
.....# . .....
...... .. . ..
...... .. ....
.##.#. ..#


You could see an eye of devastation (drained) and a sixfirhy.

Vanquished Creatures
  Erica (D:8)
  Psyche (D:8)
  A neqoxec (Abyss:1)
  A water moccasin (D:5)
  An orc warrior (D:7)
  2 sky beasts (D:6)
  A black bear (D:4)
  An ogre (D:7)
  2 centaurs
  2 bullfrogs
  A scorpion (D:4)
  5 wights (D:6)
  3 killer bees (D:8)
  A howler monkey (D:8)
  5 jellies
  3 hounds
  2 gnoll boudas
  3 orc priests
  4 iguanas
  3 orc wizards
  14 gnolls
  7 adders
  An ufetubus (D:5)
  A dart slug (D:1)
  A worm (D:3)
  17 orcs
  12 ball pythons
  6 bats
  3 endoplasms
  3 giant cockroaches
  10 goblins
  9 hobgoblins
  2 quokkas (D:4)
  11 kobolds
  6 rats
146 creatures vanquished.

Notes
Turn   | Place    | Note
-------+----------+-------------------------------------------
     0 | D:5      | Reached skill level 9 in Stealth
     0 | D:5      | porpoise the Gnoll Delver began the quest for the Orb.
     0 | D:5      | Reached XP level 1. HP: 23/23 MP: 1/1
    13 | D:5      | Noticed a centaur
    83 | D:4      | Found a broken altar of Ashenzari.
   118 | D:4      | Became a worshipper of Ashenzari the Shackled
   226 | D:4      | Noticed an orc wizard
   226 | D:4      | Noticed an orc priest
   279 | D:3      | Reached XP level 2. HP: 22/29 MP: 2/2
   507 | D:2      | Found a faded altar of an unknown god.
   518 | D:2      | Reached XP level 3. HP: 35/35 MP: 3/3
   531 | D:2      | Reached skill level 1 in Invocations
   734 | D:1      | Reached skill level 1 in Short Blades
   734 | D:1      | Reached skill level 1 in Long Blades
   734 | D:1      | Reached skill level 1 in Maces & Flails
   734 | D:1      | Reached skill level 1 in Polearms
   734 | D:1      | Reached skill level 1 in Staves
   734 | D:1      | Reached skill level 1 in Ranged Weapons
   734 | D:1      | Reached skill level 1 in Throwing
   734 | D:1      | Reached skill level 1 in Armour
   734 | D:1      | Reached skill level 1 in Shields
   734 | D:1      | Reached skill level 1 in Unarmed Combat
   734 | D:1      | Reached skill level 1 in Spellcasting
   734 | D:1      | Reached skill level 1 in Evocations
  1071 | D:1      | Reached XP level 4. HP: 41/41 MP: 5/5
  1972 | D:2      | Reached skill level 1 in Conjurations
  1972 | D:2      | Reached skill level 1 in Hexes
  1972 | D:2      | Reached skill level 1 in Summonings
  1972 | D:2      | Reached skill level 1 in Necromancy
  1972 | D:2      | Reached skill level 1 in Translocations
  1972 | D:2      | Reached skill level 1 in Transmutations
  1972 | D:2      | Reached skill level 1 in Fire Magic
  1972 | D:2      | Reached skill level 1 in Ice Magic
  1972 | D:2      | Reached skill level 1 in Air Magic
  1972 | D:2      | Reached skill level 1 in Earth Magic
  1972 | D:2      | Reached skill level 1 in Poison Magic
  2141 | D:3      | Found a runed translucent gate.
  2142 | D:3      | Found a runed translucent gate.
  2143 | D:3      | Found a runed translucent gate.
  2144 | D:3      | Noticed porpoise's ghost (amateur MiHu)
  2145 | D:3      | Identified the +3 ring mail of Levity {Drain rN+ Will+
                  | Dex+2}
  2533 | D:3      | Identified the +4 dagger of the Wolf {chaos, Dex+2}
  2961 | D:4      | Reached XP level 5. HP: 39/47 MP: 5/7
  3012 | D:4      | Found a staircase to the Ecumenical Temple.
  3291 | D:4      | Noticed a black bear
  3304 | D:4      | Killed a black bear
  3305 | D:4      | Reached skill level 5 in Axes
  3305 | D:4      | Reached skill level 5 in Dodging
  3305 | D:4      | Reached XP level 6. HP: 42/53 MP: 7/9
  3978 | D:4      | Reached XP level 7. HP: 43/60 MP: 10/10
  5020 | D:5      | Reached skill level 10 in Stealth
  5770 | D:6      | Reached XP level 8. HP: 54/67 MP: 12/12
  7487 | D:7      | Found Kavuggit's Overcharged Wands.
  7818 | D:7      | Reached XP level 9. HP: 51/73 MP: 14/14
  8507 | D:8      | Learned a level 2 spell: Wereblood
  8773 | D:8      | Noticed Erica
  8795 | D:8      | Killed Erica
  8796 | D:8      | Reached skill level 5 in Invocations
  9124 | D:8      | Noticed Psyche
  9137 | D:8      | Killed Psyche
  9395 | Abyss:1  | Cast into level 1 of the Abyss (orc warrior)
  9475 | Abyss:1  | Noticed an eye of devastation
  9477 | Abyss:1  | Noticed a sixfirhy
  9487 | Abyss:1  | Slain by a sixfirhy

Illustrated notes

Levels and vault maps discovered:
D:1:      lightli_arrival_lavapool, layout_basic, serial_bayou_pond_e
D:2:      layout_loops_ring, nicolae_ecumenical_snake_handling,
          chequers_mini_garden, nicolae_concentric_dashed_squares_wild,
          nicolae_figureground_pulse
D:3:      layout_basic, serial_corexii_hall, corexii_hall_statues_l,
          chequers_hall_statues_corner_a, biasface_ghost_orc_armoury,
          chequers_serial_rivers_micro_c
D:4:      minmay_recursive_quarters, layout_basic, mainiacjoe_overflow_alcove_4,
          minmay_temple_entry_gardened_gates
D:5:      layout_gridville
D:6:      layout_loops_corners, serial_glass, glass_columns_b, glass_columns_a,
          kennysheep_generic_room_10
D:7:      layout_rooms, nicolae_shop_overcharged_wands
D:8:      layout_cave_pods, uniq_erica, uniq_psyche
D:9:      layout_layer_cave, mainiacjoe_overflow_alcove_2, lemuel_crystal_altar,
          erik_lair_island, david_orc_3, serial_shops, shop,
          nicolae_shop_hallway_plus, nicolae_diamond_shop,
          kennysheep_little_box, shop
Abyss:1:  base:
D:9

Skill      XL: |  1  2  3  4  5  6  7  8  9 |
---------------+----------------------------+-----
Stealth        | 10 | 10.8
Invocations    | 1 2 3 4 5 |  5.4
Short Blades   | 1 2 3 4 |  4.9
Long Blades    | 1 2 3 4 |  4.9
Maces & Flails | 1 2 3 4 |  4.9
Polearms       | 1 2 3 4 |  4.9
Staves         | 1 2 3 4 |  4.9
Ranged Weapons | 1 2 3 4 |  4.9
Throwing       | 1 2 3 4 |  4.9
Armour         | 1 2 3 4 |  4.9
Shields        | 1 2 3 4 |  4.9
Unarmed Combat | 1 2 3 4 |  4.9
Spellcasting   | 1 2 3 4 |  4.9
Evocations     | 1 2 3 4 |  4.9
Conjurations   | 1 2 3 4 |  4.0
Hexes          | 1 2 3 4 |  4.0
Summonings     | 1 2 3 4 |  4.0
Necromancy     | 1 2 3 4 |  4.0
Translocations | 1 2 3 4 |  4.0
Transmutations | 1 2 3 4 |  4.0
Fire Magic     | 1 2 3 4 |  4.0
Ice Magic      | 1 2 3 4 |  4.0
Air Magic      | 1 2 3 4 |  4.0
Earth Magic    | 1 2 3 4 |  4.0
Poison Magic   | 1 2 3 4 |  4.0
Axes           | 5 6 |  6.8
Dodging        | 5 6 |  6.8
Fighting       | 7 8 |  8.3

Action                     |  1- 3 |  4- 6 |  7- 9 || total
---------------------------+-------+-------+-------++-------
  Melee: Hand axe          |    20 |       |       ||    20
         Bite              |     2 |    13 |    41 ||    56
         Short sword       |    23 |   130 |   329 ||   482
         Punch             |     1 |     2 |    12 ||    15
         Broad axe         |       |       |    38 ||    38
         Mace              |       |       |     8 ||     8
   Fire: Sling             |    33 |    69 |    84 ||   186
  Throw: Dart              |       |     3 |     3 ||     6
 Invoke: Curse Item        |     1 |     1 |     1 ||     3
         Shatter the Chain |       |     1 |     1 ||     2
  Evoke: Wand              |       |       |     2 ||     2
    Use: Scroll            |     1 |       |    21 ||    22
         Potion            |       |     1 |     1 ||     2
   Stab: Sleeping          |     3 |       |     4 ||     7
 Armour: Leather armour    |     7 |       |       ||     7
         Ring mail         |       |    35 |    58 ||    93
  Dodge: Dodged            |    42 |    58 |   276 ||   376
